 Dungeon Crawl Stone Soup version 0.29.1-15-g9cfb28693d (webtiles) character file.

Game seed: 1185632172547409622

31 hawla the Firebug (level 3, -3/26 HPs)
             Began as a Meteoran Fire Elementalist on Mar 7, 2023.
             Slain by a scorpion (6 damage)
             ... on level 6 of the Dungeon.
             The game lasted 00:01:43 (350 turns).

hawla the Firebug (Meteoran Fire Elementalist)       Turns: 350, Time: 00:01:45

Health: -3/26      AC:  2    Str:  9    XL:     3   Next: 61%
Magic:  8/8        EV: 13    Int: 19    God:
Gold:   37         SH:  0    Dex: 14    Spells: 4/7 levels left

rFire   . . .      SeeInvis .   g - +0 rapier (venom)
rCold   . . .      Faith    .   (no shield)
rNeg    . . .      Spirit   .   a - +0 robe
rPois   .          Reflect  .   (no helmet)
rElec   .          Harm     .   (no cloak)
rCorr   .          Rampage  .   (no gloves)
Will    .....                   (no boots)
Stlth   +.........              (no amulet)
HPRegen 0.08/turn               (no ring)
MPRegen 0.11/turn               (no ring)

@: glowing
A: sense surroundings 1, otherworldly, glowing, explore regen
a: no special abilities


You were on level 6 of the Dungeon.
You visited 1 branch of the dungeon, and saw 6 of its levels.

You collected 37 gold pieces.

Inventory:

Hand Weapons
 g - a +0 rapier of venom (weapon)
Armour
 a - a +0 robe (worn)
Wands
 f - a wand of polymorph (15)
Scrolls
 e - a scroll of teleportation {unknown}
Potions
 c - a potion of degeneration {unknown}
 d - a potion of ambrosia {unknown}


   Skills:
 + Level 2.9 Dodging
 - Level 1.4 Stealth
 + Level 2.9 Spellcasting
 + Level 1.4 Conjurations
 + Level 4.6 Fire Magic


You had 4 spell levels left.
You knew the following spells:

 Your Spells              Type           Power      Damage    Failure   Level
a - Foxfire               Conj/Fire      56%        2x1d6     4%          1
b - Scorch                Fire           40%        2d7       3%          2

Your spell library contained the following spells:

 Spells                   Type           Power      Damage    Failure   Level
 Conjure Flame            Conj/Fire      14%        6-21      13%         3
 Inner Flame              Hex/Fire       11%        N/A       19%         3
 Blink                    Tloc           4%         N/A       24%         2
 Flame Wave               Conj/Fire      14%        2d6       41%         4
 Manifold Assault         Tloc           2%         N/A       99%         5
 Storm Form               Tmut/Air       1%         N/A       100%        7


Dungeon Overview and Level Annotations

Branches:
Dungeon (6/15) Zot: 3249
 Temple: D:4-7

Altars:


Innate Abilities, Weirdness & Mutations

You passively map a small area around you.
You are easily found by Zot.
You glow in the dark.
You regain HP and MP as you explore.


Message History

g - a +0 rapier of venom (weapon)
Setting a skill training target for Short Blades at 14.0.
No target in view!
No target in view!
No target in view!
Magic restored.
A white imp comes into view.
Found 14 gold pieces.
The white imp shouts, "Quit, thou wayward elf-skinned slabber!"
Casting: Scorch (safe; 3% risk of failure)
Confirm with . or Enter, or press ? or * to list all spells.
You conjure some foxfire!
Your foxfire dissipates!
The foxfire hits the white imp.
The white imp is lightly wounded.
The white imp gestures at you. The puff of frost hits you!
You see here 10 gold pieces.
The white imp closely misses you.
Casting: Foxfire (safe; 4% risk of failure)
Confirm with . or Enter, or press ? or * to list all spells.
Flames lash the white imp.
The white imp is burned terribly!
The white imp is almost dead.
The white imp's fire resistance burns away.
The white imp gestures at you. The puff of frost hits you!
Casting: Scorch (safe; 3% risk of failure)
Confirm with . or Enter, or press ? or * to list all spells.
You conjure some foxfire!
The white imp gestures at you. The puff of frost hits you!
* * * LOW HITPOINT WARNING * * *
The scorpion completely misses you. Magic courses through your body.
The foxfire hits the white imp!
The white imp is burned terribly!
You kill the white imp!
The foxfire hits the scorpion.
The scorpion is moderately wounded.
The scorpion stings you.
You die...

................##
................## ,
,.................#,
.................#,
.................# #
####.##.####....## ,
.##.#######.#########
, ......s.§......#
.......@§......#
...$...§.......#
...............#
...............#
..####.####..### , +
#.* #..# * * .. .....
, ... .... , , , ,,


You could see a scorpion.

Vanquished Creatures
  An adder (D:3)
  A shadow imp (D:6)
  A white imp (D:6)
  2 orcs
  2 goblins
  A hobgoblin (D:4)
  A quokka (D:5)
  A bat (D:2)
  3 kobolds
  A rat (D:2)
14 creatures vanquished.

Vanquished Creatures (others)
  35 foxfires
35 creatures vanquished.

Grand Total: 49 creatures vanquished

Notes
Turn   | Place    | Note
-------+----------+-------------------------------------------
     0 | D:1      | hawla the Meteoran Fire Elementalist began the quest for
                  | the Orb.
     0 | D:1      | Reached XP level 1. HP: 14/14 MP: 5/5
   103 | D:3      | Reached skill level 4 in Fire Magic
   103 | D:3      | Reached XP level 2. HP: 15/20 MP: 2/6
   106 | D:3      | Learned a level 2 spell: Scorch
   184 | D:4      | Reached XP level 3. HP: 15/26 MP: 5/8
   227 | D:5      | Entered Level 5 of the Dungeon
   325 | D:6      | Noticed a scorpion
   350 | D:6      | Slain by a scorpion

Illustrated notes

Levels and vault maps discovered:
D:1:      eino_arrival_cavern_b, layout_basic, serial_shops, shop,
          dreamdust_ecumenical_altar_hidden_monk_grotto, minmay_tromino_v4_a
D:2:      layout_basic
D:3:      layout_basic
D:4:      layout_basic, minmay_temple_entry_arrows
D:5:      layout_cave_pods, mainiacjoe_overflow_tiny_flanked, serial_shops,
          kennysheep_little_box, reono_crystal_passage, hex_medium
D:6:      layout_gridville, kennysheep_mini

Skill      XL: |  1 |
---------------+----+-----
Fire Magic     | 4 |  4.6
Dodging        | |  2.9
Stealth        | |  1.4
Spellcasting   | |  2.9
Conjurations   | |  1.4

Action                   || total
-------------------------++-------
Melee: Unarmed           ||     5
 Cast: Foxfire           ||    22
       Scorch            ||     3
  Use: Potion            ||     1
Armor: Robe              ||     1
Dodge: Dodged            ||     5
